cohdb
Replays
Latest Replays
All Replays
Popular Replays
Top Player Replays
Match Explorer
How It Works
Community
CoH3 Stats
Reddit
Sign in to upload your games and track your stats! →
Sign in with Steam
Match 31540221
Unlisted
Match 31540221
Overview
Messages
Build Orders
End
Construct Section Command Post
Infantry Section
Infantry Section
Selects Air and Sea Battlegroup
Selects Supply Surplus
Selects Supply Surplus
Construct Field Infirmary
Grenade Package
Infantry Section
Construct Resource Cache
Construct Resource Cache
Construct Resource Cache
Construct Resource Cache
Construct Resource Cache
Construct Resource Cache
Construct Platoon Command Post
Construct Field Infirmary
Selects Centaur Medium Tank
Construct Company Command Post
Construct Field Infirmary
Selects Centaur Medium Tank
Selects Naval Bombardment
Matilda II Heavy Tank
Unlock M3 Grant Medium Tanks
Naval Bombardment
M3 Grant Medium Tank
(KBN) stivdm.PL.
L1n9oK3r
shiningsoul
315394328
Nukepapa
byza
Der Albaner
skyhawkfranky
0
0
Comments
sign in to comment!
No comments posted yet!